Map: Romanticide LE

Players

GOStephano (Stephano)

  • Race: Zerg Zerg
  • League: Grandmaster
  • Spawn Location: 11:00

soul - Winner!

  • Race: Terran Terran
  • League: Grandmaster
  • Spawn Location: 5:00

Event: DreamHack SC2 Masters 2020 Winter

VOD

Have the link to the VOD?

Description

Time

  • Played on: Nov. 1, 2020, 1:55 p.m.
  • Length: 23:51

All games in this series

Show
View Real Time Build Order
Export as new Build Order

GOStephano Zerg 

Build Orders: Hatch First, Lurkers, Roach Hydra 

Get SALT Encoding   

  12  0:00  Drone  
  13  0:12  Overlord  
  13  0:17  Drone  
  14  0:30  Drone x2  
  16  0:50  Hatchery  
  16  0:51  Drone  
  16  0:54  Drone  
  17  0:57  Drone  
  18  1:08  Extractor  
  17  1:12  Spawning Pool  
  17  1:15  Drone  
  17  1:18  Drone  
  18  1:28  Drone  
  19  1:38  Drone  
  20  1:49  Drone  
  21  2:01  Queen x2  
  21  2:02  Zergling x4  
  27  2:12  Drone  
  27  2:13  Overlord  
  28  2:19  Hatchery  
  27  2:24  Drone  
  27  2:32  Drone x2  
  27  2:34  Drone  
  30  2:38  Queen  
  32  2:44  Metabolic Boost  
  32  2:49  Overlord  
  32  2:52  Drone  
  32  2:54  Drone  
  32  2:56  Drone  
  35  3:09  Drone x2  
  35  3:10  Drone x3  
  40  3:16  Queen  
  42  3:20  Drone  
  42  3:22  Overlord  
  43  3:30  Queen x2  
  43  3:32  Drone  
  43  3:33  Drone  
  49  3:41  Zergling x2  
  49  3:42  Zergling x4  
  49  3:43  Drone x2  
  49  3:44  Drone  
  55  3:48  Drone  
  55  3:50  Drone  
  57  3:57  Overlord  
  57  4:00  Evolution Chamber  
  57  4:01  Drone  
  57  4:04  Evolution Chamber  
  57  4:07  Drone  
  57  4:08  Overlord  
  57  4:15  Queen  
  57  4:16  Queen  
  61  4:19  Drone x4  
  65  4:31  Overlord, Drone x3  
  68  4:35  Drone  
  68  4:36  Overlord  
  68  4:37  Zerg Ground Armor Level 1  
  69  4:43  Drone x3  
  69  4:44  Drone x2  
  74  4:49  Zerg Missile Weapons Level 1  
  74  4:51  Extractor  
  73  4:53  Drone x4  
  73  4:54  Extractor x3  
  73  4:58  Drone x2  
  76  5:04  Drone x4  
  76  5:05  Roach Warren  
  79  5:13  Overlord  
  79  5:14  Drone x4  
  79  5:16  Extractor  
  79  5:21  Lair, Drone x2  
  84  5:29  Queen  
  84  5:32  Drone  
  84  5:33  Zergling x12  
  93  5:36  Overlord  
  93  5:43  Overlord x2  
  93  5:49  Overlord  
  93  5:52  Overlord  
  93  5:59  Overlord  
  93  6:02  Hatchery, Roach x7  
  106  6:07  Overlord  
  106  6:08  Overlord  
  106  6:09  Overlord  
  107  6:18  Roach x5  
  114  6:29  Overlord  
  114  6:31  Roach x5  
  123  6:43  Zerg Ground Armor Level 2, Zerg Missile Weapons Level 2, Glial Reconstitution  
  123  6:51  Overlord  
  120  6:55  Roach  
  120  6:56  Roach x6  
  120  6:58  Overlord  
  130  7:03  Infestation Pit, Hydralisk Den, Drone x2  
  129  7:09  Drone x2  
  131  7:15  Drone x2  
  131  7:16  Drone x3  
  131  7:17  Spore Crawler x2  
  131  7:18  Drone x2  
  131  7:21  Ravager x2  
  131  7:22  Ravager x2  
  140  7:28  Drone x6  
  146  7:39  Drone x4  
  146  7:41  Hive, Extractor  
  146  7:42  Extractor  
  146  7:43  Lurker Den  
  147  7:47  Muscular Augments  
  147  7:57  Hydralisk x5  
  157  8:01  Pneumatized Carapace  
  157  8:06  Hydralisk  
  157  8:07  Hydralisk x2  
  163  8:13  Spore Crawler  
  162  8:25  Hydralisk x7  
  173  8:28  Spore Crawler  
  172  8:35  Drone  
  172  8:40  Drone x3  
  176  8:43  Overlord  
  176  8:49  Hydralisk x4  
  176  8:50  Overlord  
  176  8:51  Hatchery  
  176  8:53  Overlord, Drone  
  176  8:54  Spore Crawler  
  184  8:57  Hatchery x2  
  184  8:58  Grooved Spines  
  182  9:03  Seismic Spines  
  182  9:05  Drone  
  182  9:06  Drone x3  
  186  9:15  Overlord  
  186  9:16  Zerg Ground Armor Level 3  
  186  9:18  Zerg Missile Weapons Level 3  
  186  9:20  Overlord  
  180  9:46  Lurker x6  
  184  9:56  Hydralisk  
  184  9:57  Hydralisk x5  
  188  10:00  Adaptive Talons  
  188  10:06  Drone x2  
  188  10:07  Drone x3  
  191  10:18  Unknown  
  184  10:25  Hydralisk x7  
  175  10:30  Overlord  
  168  10:38  Hydralisk x9  
  168  10:39  Hydralisk x2  
  187  10:51  Lurker  
  187  10:52  Lurker x2  
  187  10:53  Drone x3  
  187  10:54  Drone x2  
  187  10:55  Overlord  
  187  10:56  Overlord x2  
  195  11:03  Hatchery  
  191  11:06  Spore Crawler  
  190  11:14  Drone x3  
  190  11:15  Drone, Extractor  
  190  11:16  Extractor  
  190  11:18  Drone x5  
  197  11:19  Spore Crawler x2  
  197  11:20  Spore Crawler  
  194  11:35  Drone x4  
  199  11:47  Lurker x2  
  200  12:00  Hydralisk  
  199  12:04  Overlord  
  199  12:06  Overlord  
  186  12:09  Hydralisk x4  
  186  12:10  Hydralisk x3  
  192  12:16  Hydralisk  
  192  12:17  Hydralisk x9  
  192  12:19  Hydralisk x4  
  192  12:22  Zergling x4  
  200  12:27  Overlord  
  198  12:35  Viper  
  179  12:44  Spore Crawler  
  179  12:45  Spore Crawler  
  179  12:46  Spore Crawler  
  179  12:48  Drone x9  
  179  12:49  Drone x6  
  189  12:58  Lurker  
  189  12:59  Lurker x10  
  200  13:07  Spire  
  200  13:09  Spire  
  198  13:19  Overseer x2  
  190  13:29  Drone x2  
  190  13:33  Drone x4  
  193  13:37  Viper x2  
  199  13:44  Spore Crawler x2  
  199  13:46  Spore Crawler x2  
  199  13:47  Spore Crawler  
  191  13:59  Extractor  
  191  14:00  Extractor  
  189  14:07  Drone x7  
  171  14:33  Hydralisk x11  
  171  14:34  Hydralisk x3  
  175  14:56  Zerg Flyer Armor Level 1, Zerg Flyer Weapons Level 1  
  175  14:57  Corruptor x7  
  175  14:58  Corruptor x8  
  200  15:06  Drone x4  
  176  15:10  Queen x2  
  178  15:14  Drone x2  
  178  15:15  Drone x4  
  184  15:22  Spore Crawler  
  184  15:24  Lurker x7  
  190  15:34  Drone x6  
  190  15:35  Drone  
  197  15:37  Spine Crawler, Spore Crawler  
  197  15:39  Spore Crawler  
  194  15:46  Overseer  
  194  16:04  Hatchery  
  188  16:24  Drone x5  
  184  17:10  Drone x6  
  184  17:12  Spore Crawler  
  189  17:16  Zerg Flyer Weapons Level 2, Spine Crawler, Zerg Flyer Armor Level 2  
  189  17:18  Spine Crawler  
  189  17:19  Drone x9  
  196  17:25  Overseer  
  196  17:26  Overseer x5  
  140  17:58  Corruptor x4  
  140  18:00  Hydralisk x16  
  140  18:01  Hydralisk x5  
  176  18:18  Roach  
  176  18:19  Roach x13  
  200  18:30  Spore Crawler x2  
  200  18:32  Spine Crawler x2  
  195  18:38  Roach x5  
  195  18:39  Roach  
  199  18:47  Overseer x2  
  199  18:54  Lurker x3  
  199  18:59  Hatchery  
  191  19:35  Hatchery  
  189  19:41  Overlord  
  189  20:12  Hatchery  
  185  20:17  Hatchery  
  161  20:36  Hydralisk x6  
  161  20:42  Overlord  
  144  20:50  Lurker x2  
  144  20:51  Lurker x5  
  144  20:53  Hydralisk  
  144  20:55  Overlord x4  
  144  20:56  Overlord x5  
  150  21:18  Lurker x6  
  150  21:19  Lurker x9  
  150  21:25  Extractor  
  163  21:35  Hatchery, Viper  
  163  21:36  Viper x8  
  163  21:39  Overseer x2  
  189  21:40  Overseer  
  189  21:51  Hatchery  
  180  22:00  Hydralisk x2  
  154  22:24  Lurker x3  
  154  22:26  Drone x3  
  154  22:27  Drone x3  
Show
View Real Time Build Order
Export as new Build Order

soul Terran - Winner!

Build Orders: Reaper Expand 

Get SALT Encoding   

  12  0:00  SCV  
  13  0:12  SCV  
  14  0:16  Supply Depot  
  14  0:24  SCV  
  15  0:38  SCV  
  15  0:39  Barracks  
  16  0:43  Refinery  
  16  0:50  SCV  
  17  1:02  SCV  
  18  1:14  SCV  
  19  1:26  Reaper, Orbital Command  
  20  1:43  Command Center  
  20  1:52  SCV  
  20  1:53  Supply Depot  
  21  1:58  Marine  
  22  2:04  SCV  
  23  2:09  Factory  
  23  2:16  SCV  
  23  2:20  Barracks Reactor  
  24  2:28  SCV  
  25  2:40  Command Center  
  25  2:42  SCV  
  26  2:55  Orbital Command  
  26  2:56  SCV  
  27  3:02  Hellion  
  27  3:04  Hellion  
  31  3:06  Barracks Tech Lab  
  31  3:08  SCV  
  32  3:20  SCV  
  32  3:21  SCV  
  32  3:23  Barracks  
  32  3:25  Stimpack  
  34  3:28  Marine  
  34  3:32  Hellion  
  34  3:34  Hellion  
  39  3:37  SCV  
  39  3:39  SCV  
  41  3:48  Marine  
  41  3:49  SCV  
  41  3:51  SCV, Orbital Command  
  44  3:57  Refinery  
  44  4:01  SCV, Starport  
  45  4:03  SCV  
  45  4:06  Marine  
  45  4:08  Factory Reactor  
  47  4:10  Supply Depot  
  47  4:13  SCV  
  47  4:15  SCV  
  50  4:17  SCV  
  50  4:20  Marine x2  
  50  4:24  Marine  
  52  4:26  SCV  
  52  4:27  SCV, Refinery  
  52  4:29  SCV, Refinery  
  56  4:34  Supply Depot  
  56  4:38  SCV  
  57  4:39  SCV, Medivac  
  57  4:44  Hellion  
  57  4:45  Hellion, Marine  
  65  4:47  SCV  
  65  4:50  Marine x2  
  65  4:52  SCV  
  69  4:56  SCV  
  69  4:57  Supply Depot  
  70  5:02  Marine  
  70  5:03  Supply Depot  
  70  5:05  Combat Shield  
  70  5:06  SCV, Engineering Bay  
  72  5:08  SCV, Engineering Bay  
  72  5:10  Marine  
  74  5:14  Marine  
  74  5:15  Factory Tech Lab  
  74  5:21  Supply Depot  
  76  5:22  Medivac x2  
  79  5:29  Marine  
  79  5:30  Marine  
  79  5:31  Orbital Command, Barracks  
  79  5:32  SCV x2, Marine  
  79  5:34  Siege Tank  
  87  5:44  SCV x2  
  87  5:45  Terran Infantry Weapons Level 1, Terran Infantry Armor Level 1  
  87  5:46  Marine  
  87  5:47  Marine  
  86  5:50  Marine  
  86  5:56  SCV  
  88  5:58  SCV x2  
  90  6:04  Marine  
  90  6:08  SCV, Supply Depot  
  90  6:10  SCV  
  90  6:11  SCV  
  94  6:12  Barracks  
  94  6:13  Barracks  
  94  6:17  Supply Depot  
  94  6:20  SCV, Marine  
  94  6:23  Marine x2  
  96  6:25  SCV  
  96  6:27  SCV  
  97  6:33  SCV  
  97  6:36  Siege Tank  
  97  6:38  SCV, Marine  
  103  6:41  SCV, Marine x2  
  103  6:45  Medivac x2  
  103  6:46  Armory  
  106  6:54  SCV  
  106  6:56  Marine  
  106  6:59  Marine x2  
  106  7:01  Bunker  
  110  7:08  Siege Tank  
  114  7:10  Supply Depot, Bunker  
  114  7:11  Bunker  
  114  7:13  Barracks Reactor x2  
  114  7:14  Supply Depot, Marine  
  113  7:16  Marine x2  
  113  7:17  Supply Depot  
  113  7:18  Marine  
  113  7:19  SCV  
  113  7:21  SCV  
  113  7:22  Medivac x2  
  120  7:26  SCV  
  123  7:31  Marine  
  123  7:32  Command Center  
  123  7:34  Marine x2  
  123  7:35  Supply Depot  
  123  7:36  Barracks Reactor  
  126  7:37  Refinery x2  
  126  7:41  SCV  
  126  7:42  SCV  
  126  7:43  Missile Turret  
  128  7:46  Siege Tank  
  128  7:49  Marine  
  128  7:51  Marine  
  131  7:53  Factory  
  131  7:54  Viking  
  131  7:55  Liberator  
  136  8:01  Marine x3  
  136  8:02  SCV  
  136  8:03  Supply Depot, Marine  
  136  8:04  Supply Depot  
  141  8:05  Terran Infantry Weapons Level 2  
  141  8:08  Marine x2  
  141  8:09  Marine  
  141  8:10  SCV  
  145  8:14  Marine  
  145  8:16  Terran Infantry Armor Level 2  
  145  8:22  Marine  
  145  8:25  Marine, Siege Tank  
  149  8:30  Marine  
  149  8:32  SCV x2  
  152  8:36  Marine x6, Fusion Core  
  152  8:38  SCV  
  152  8:40  Factory Tech Lab  
  159  8:43  Marine  
  159  8:45  SCV  
  161  8:51  SCV  
  162  8:56  Starport  
  162  8:58  Starport  
  162  9:02  Supply Depot  
  161  9:04  Supply Depot  
  161  9:05  Siege Tank  
  161  9:06  Refinery, Marine x5  
  161  9:08  Refinery  
  168  9:13  Sensor Tower  
  168  9:16  Siege Tank  
  171  9:21  Planetary Fortress  
  171  9:22  Bunker  
  171  9:25  Advanced Ballistics  
  171  9:30  SCV x2  
  173  9:37  Marine x2  
  173  9:38  SCV  
  172  9:44  Command Center  
  172  9:50  Marine, Siege Tank  
  170  9:56  Terran Vehicle And Ship Armor Level 1  
  170  9:57  Starport Reactor x2, Liberator x2  
  174  10:04  Command Center  
  173  10:09  Siege Tank  
  173  10:10  Missile Turret  
  173  10:12  Missile Turret  
  168  10:23  Siege Tank  
  168  10:25  Marine x3  
  169  10:30  Marine x6  
  169  10:33  Liberator  
  169  10:35  Liberator  
  178  10:38  Liberator  
  178  10:40  Liberator  
  184  10:43  Marine x3  
  184  10:45  Barracks  
  184  10:46  Barracks  
  184  10:48  Marine, Liberator  
  184  10:49  Barracks  
  188  11:00  Terran Infantry Weapons Level 3  
  186  11:07  Command Center  
  186  11:12  Command Center  
  186  11:13  Liberator  
  186  11:17  Orbital Command  
  189  11:19  Command Center  
  189  11:23  Liberator  
  192  11:27  Liberator  
  195  11:33  Terran Infantry Armor Level 3  
  195  11:36  Command Center  
  194  11:50  Ghost Academy  
  194  11:51  Missile Turret  
  194  11:52  Ghost Academy  
  194  11:54  Barracks Tech Lab  
  194  11:55  Sensor Tower, Barracks Tech Lab  
  194  11:56  Missile Turret  
  194  11:58  Missile Turret x2  
  194  12:01  Planetary Fortress  
  189  12:12  Barracks Tech Lab  
  174  12:17  Marauder x2, Marine  
  174  12:18  Liberator  
  156  12:23  Marine x6  
  156  12:28  Orbital Command x2  
  162  12:40  Orbital Command  
  162  12:41  Liberator  
  162  12:42  SCV x4  
  164  12:44  Supply Depot  
  164  12:48  Nuke, Personal Cloaking  
  164  12:50  Orbital Command  
  159  12:56  Ghost  
  159  12:58  Sensor Tower  
  161  13:01  Ghost  
  161  13:03  Ghost  
  161  13:05  Orbital Command  
  165  13:06  Ghost  
  165  13:08  Liberator  
  170  13:15  Supply Depot  
  170  13:18  Supply Depot, Missile Turret  
  170  13:19  Missile Turret  
  170  13:24  Ghost, Siege Tank  
  175  13:29  Ghost  
  175  13:31  Ghost, Refinery  
  175  13:33  Refinery  
  176  13:35  Ghost  
  176  13:36  Command Center  
  176  13:40  Liberator  
  181  13:45  Liberator  
  184  13:49  Enhanced Shockwaves  
  184  13:52  Neosteel Armor  
  184  14:00  Command Center  
  184  14:04  Liberator  
  186  14:14  Nuke  
  186  14:25  Ghost Academy  
  186  14:27  Liberator  
  186  14:29  Liberator  
  186  14:34  Ghost, Orbital Command  
  174  14:42  Ghost x2  
  158  14:45  Marine x2  
  158  14:46  Marauder, Marine x2  
  158  14:48  Marine  
  158  14:50  Marine  
  158  14:52  Marine  
  157  14:54  Marine  
  158  15:03  Marauder, Marine x3  
  158  15:04  Marine  
  158  15:06  SCV  
  162  15:07  Marauder, Marine  
  162  15:08  Refinery, Nuke, Siege Tank  
  162  15:11  Marauder x2  
  172  15:17  Medivac  
  172  15:19  Liberator x2  
  172  15:25  Marauder  
  172  15:27  Marine  
  172  15:28  Marauder, Marine x5  
  180  15:31  Terran Vehicle And Ship Armor Level 2  
  180  15:32  Marauder  
  180  15:33  Marauder  
  186  15:37  Sensor Tower  
  186  15:41  Nuke  
  186  15:46  Marauder  
  188  15:51  Liberator  
  191  16:03  Ghost  
  193  16:06  Liberator x2  
  199  16:13  Missile Turret x3  
  199  16:14  Missile Turret  
  199  16:15  Missile Turret  
  199  16:16  Liberator  
  199  16:21  Command Center  
  199  16:22  Command Center  
  199  16:50  Nuke  
  196  17:06  Ghost  
  192  17:11  Siege Tank  
  192  17:12  Ghost x2  
  192  17:14  Planetary Fortress  
  199  17:21  Command Center  
  199  17:22  Command Center  
  199  17:23  Nuke  
  199  17:24  Concussive Shells  
  199  17:33  Refinery x2  
  196  17:47  Terran Ship Weapons Level 1  
  196  17:56  Liberator  
  196  17:58  Marauder, Marine  
  193  18:08  Siege Tank  
  196  18:20  Nuke x2  
  196  18:31  Liberator  
  196  18:33  Marine  
  200  18:37  Planetary Fortress  
  200  18:42  Nuke  
  200  18:45  Marine  
  195  18:57  Marine  
  195  18:58  Marine x4  
  200  19:08  Refinery  
  200  19:09  Sensor Tower  
  198  19:10  Refinery  
  198  19:13  Command Center  
  198  19:22  Marine  
  195  19:32  Ghost x2  
  195  19:34  Ghost x2  
  197  19:41  Terran Vehicle And Ship Armor Level 3  
  197  19:43  Sensor Tower  
  197  19:44  Missile Turret  
  197  19:56  Planetary Fortress  
  197  20:00  Ghost  
  197  20:03  Ghost x2  
  195  20:19  Marine  
  196  20:23  Command Center, Orbital Command  
  196  20:24  Command Center  
  189  20:29  Marine  
  191  20:36  Ghost x4  
  168  20:52  Viking x6  
  180  21:04  Ghost x4  
  187  21:14  Missile Turret  
  187  21:16  Missile Turret, Sensor Tower  
  187  21:17  Missile Turret x2  
  187  21:25  Viking x6  
  199  21:34  SCV  
  200  21:41  Unknown  
  200  21:42  Missile Turret  
  200  21:43  Missile Turret  
  200  21:46  Missile Turret  
  194  22:09  Liberator x3  
  191  22:18  Liberator x2  
  191  22:19  SCV  
  193  22:30  Nuke x2  
  193  22:37  Liberator  
  196  22:52  Liberator  
  196  23:01  Liberator  
  196  23:03  Liberator  
Tags
 
Add a new tag
Caveats
  • Supply blocks, unpowered buildings, or Contaminate may cause inaccurate times.
  • Supply counts are checked every 10 seconds.